AoeStats
← ufukyldz94

Arena

510612977Analyzed
4v4 RM · 2d ago on Oct 1, 2026· 55m 14s· 8 players
Game mode
Random Map
Map size
Large (8 player)
Population
200
Speed
Normal
Resources
Standard
Victory
Conquest
Starting age
Dark Age
Ending age
Imperial Age
RankedLock teamsTeams togetherTeam positionsShared explorationLock speedFull tech treeHidden civsTurbo modeCheats
Victory
Defeat
🇹🇷 Burmese · Türkiye
757
+17
🇮🇪 Franks · Ireland
729
+18
🇩🇪 Vietnamese · Germany
718
+18
🇪🇸 Romans · Spain
695
+19
🇳🇿 Khitans · New Zealand
819
-21
🇪🇸 Poles · Spain
803
-19
🇩🇪 Turks · Germany
798
-19
🇵🇹 Hindustanis · Portugal
643
-13
Llathandir
10:15 Feudal Age
11:46 Double-Bit Axe
18:47 Castle Age
22:08 Forging
21:49 Fletching
22:22 Gold Mining
22:25 Stone Mining
22:48 Bow Saw
24:47 Husbandry
27:15 Masonry
28:05 Murder Holes
28:04 Loom
28:59 Wheelbarrow
28:52 Bodkin Arrow
29:33 Iron Casting
29:22 Ballistics
30:12 Hand Cart
35:54 Imperial Age
34:40 Gold Shaft Mining
34:57 Scale Barding Armor
36:15 Cavalier
39:18 Paladin
40:18 Paladin
41:14 Caravan
42:18 Chivalry
44:03 Blast Furnace
43:24 Chain Barding Armor
45:11 Hoardings
45:40 Chemistry
53:39 Arrowslits
54:26 Architecture
53:36 Treadmill Crane
54:36 Plate Barding Armor
bobozius
12:41 Feudal Age
14:02 Wheelbarrow
14:32 Double-Bit Axe
14:30 Horse Collar
19:02 Castle Age
17:58 Stone Mining
19:53 Bow Saw
19:45 Heavy Plow
20:41 Stone Shaft Mining
20:09 Gold Mining
23:19 Hand Cart
23:40 Town Watch
26:14 Town Patrol
28:46 Fletching
28:57 Padded Archer Armor
29:16 Elite Skirmisher
30:26 Bodkin Arrow
30:47 Leather Archer Armor
34:51 Imperial Age
36:04 Paper Money
36:51 Crop Rotation
35:57 Imperial Skirmisher
37:10 Elite Rattan Archer
39:13 Chemistry
37:56 Treadmill Crane
38:27 Masonry
39:28 Siege Engineers
39:34 Fortified Wall
39:45 Ballistics
39:16 Heated Shot
41:33 Chatras
43:36 Bracer
44:06 Ring Archer Armor
44:41 Two-Man Saw
45:02 Murder Holes
ufukyldz94
11:25 Feudal Age
12:41 Wheelbarrow
16:24 Castle Age
15:00 Stone Mining
15:03 Gold Mining
15:15 Horse Collar
17:37 Heavy Plow
22:11 Arson
22:27 Squires
22:12 Gambesons
23:13 Forging
23:05 Scale Mail Armor
24:25 Man-at-Arms
24:28 Pikeman
25:29 Hand Cart
26:36 Iron Casting
26:16 Chain Mail Armor
25:32 Long Swordsman
29:51 Chain Mail Armor
39:51 Imperial Age
38:11 Gold Shaft Mining
37:33 Fletching
37:43 Padded Archer Armor
41:38 Blast Furnace
41:18 Plate Mail Armor
41:24 Crop Rotation
41:12 Fortified Wall
41:27 Ballistics
42:08 Chemistry
41:05 Murder Holes
40:50 Treadmill Crane
41:22 Masonry
40:36 Capped Ram
40:43 Two-Handed Swordsman
42:04 Conscription
41:55 Champion
44:30 Bodkin Arrow
WAR_LORD
10:29 Feudal Age
10:52 Horse Collar
11:05 Double-Bit Axe
14:44 Gold Mining
21:07 Castle Age
19:28 Scale Barding Armor
19:23 Scale Mail Armor
19:33 Forging
18:56 Man-at-Arms
21:36 Bloodlines
22:50 Bow Saw
22:45 Heavy Plow
25:10 Stone Mining
25:51 Squires
25:12 Long Swordsman
27:28 Gold Shaft Mining
27:45 Wheelbarrow
29:46 Hand Cart
32:11 Husbandry
35:10 Ballistas
36:08 Iron Casting
37:53 Ballistics
39:20 Chain Barding Armor
39:16 Chain Mail Armor
43:14 Imperial Age
46:01 Plate Barding Armor
46:26 Blast Furnace
46:02 Crop Rotation
45:05 Legionary
45:11 Cavalier
45:16 Heavy Scorpion
46:22 Conscription
45:26 Elite Centurion
46:28 Comitatenses
52:39 Siege Engineers
54:35 Guilds
ANCORA
11:48 Feudal Age
12:09 Horse Collar
12:15 Double-Bit Axe
13:59 Gold Mining
14:00 Stone Mining
16:52 Wheelbarrow
21:06 Castle Age
22:28 Hand Cart
23:22 Gold Shaft Mining
23:23 Stone Shaft Mining
23:09 Scale Mail Armor
23:17 Scale Barding Armor
23:23 Forging
26:40 Bow Saw
26:32 Heavy Plow
27:57 Chain Barding Armor
28:15 Iron Casting
27:53 Caravan
51:28 Imperial Age
49:46 Husbandry
49:58 Bloodlines
51:42 Heavy Camel Rider
52:20 Loom
TrakaTra
2:27 Loom
10:56 Feudal Age
16:50 Castle Age
14:57 Horse Collar
15:38 Double-Bit Axe
24:58 Stone Mining
24:59 Gold Mining
25:31 Heavy Plow
27:54 Stone Shaft Mining
27:33 Bow Saw
28:37 Caravan
29:08 Coinage
33:04 Forging
32:55 Scale Mail Armor
33:02 Scale Barding Armor
32:47 Fletching
32:58 Padded Archer Armor
34:06 Wheelbarrow
33:17 Town Watch
35:00 Ballistics
34:51 Fortified Wall
38:12 Imperial Age
37:02 Szlachta Privileges
37:34 Bloodlines
37:25 Husbandry
38:04 Iron Casting
37:45 Chain Mail Armor
38:06 Light Cavalry
40:39 Crop Rotation
41:16 Blast Furnace
40:23 Squires
40:31 Elite Obuch
40:46 Winged Hussar
42:29 Lechitic Legacy
42:24 Elite Skirmisher
43:09 Thumb Ring
46:12 Chemistry
44:57 Arrowslits
45:47 Plate Mail Armor
45:37 Chain Barding Armor
45:25 Bodkin Arrow
46:32 Leather Archer Armor
_marcus_
10:45 Feudal Age
11:20 Horse Collar
11:28 Double-Bit Axe
19:43 Castle Age
17:50 Stone Mining
18:19 Gold Mining
19:32 Wheelbarrow
20:34 Heavy Plow
20:47 Bow Saw
20:51 Fletching
21:43 Gold Shaft Mining
25:38 Hand Cart
30:58 Imperial Age
30:03 Husbandry
30:14 Bloodlines
30:51 Scale Barding Armor
30:57 Forging
30:57 Thumb Ring
31:21 Murder Holes
32:05 Conscription
33:27 Two-Man Saw
35:02 Padded Archer Armor
35:02 Scale Mail Armor
37:52 Artillery
39:35 Elite Janissary
40:49 Parthian Tactics
39:44 Heavy Cavalry Archer
41:28 Heavy Camel Rider
43:46 Heavy Scorpion
44:59 Arson
45:15 Squires
51:40 Crossbowman
lav3rn3
1:00 Loom
14:00 Feudal Age
21:17 Castle Age
20:52 Man-at-Arms
21:18 Arson
23:13 Wheelbarrow
22:28 Double-Bit Axe
22:27 Domestication
25:48 Gold Mining
25:52 Stone Mining
26:14 Bow Saw
25:59 Long Swordsman
26:41 Squires
26:27 Gambesons
30:47 Hand Cart
34:45 Thumb Ring
36:51 Heavy Cavalry Archer
37:49 Forging
38:43 Ballistics
39:48 Stone Shaft Mining
43:55 Imperial Age
45:32 Two-Handed Swordsman
46:54 Iron Casting
46:20 Scale Mail Armor
47:54 Champion
49:25 Conscription
49:13 Ordo Cavalry
50:09 Chain Mail Armor
49:59 Padded Archer Armor
50:46 Parthian Tactics
50:18 Fletching
50:35 Scale Barding Armor
52:23 Leather Archer Armor
52:39 Plate Mail Armor
52:06 Bodkin Arrow
52:26 Heavy Rocket Cart
52:31 Elite Skirmisher
54:20 Chain Barding Armor
54:31 Ring Archer Armor
Connection lost

Rejoining the realm…

Still unreachable

The connection could not be restored.

Session expired

The server has moved on; the page needs a fresh start.